 Dungeon Crawl Stone Soup version 0.18-a0-1805-g8ab820f (webtiles) character file.

1180 nubinia the Scholar of Death (level 8, -2/43 HPs)
             Began as a Deep Elf Necromancer on Apr 26, 2016.
             Was a Follower of Kikubaaqudgha.
             Slain by a giant frog (8 damage)
             ... on level 5 of the Dungeon.
             The game lasted 00:30:17 (5183 turns).

nubinia the Scholar of Death (Deep Elf Necromancer) Turns: 5183, Time: 00:30:18

Health: -2/43      AC:  9    Str:  5    XL:     8   Next: 19%
Magic:  0/22       EV: 14    Int: 22    God:    Kikubaaqudgha [*.....]
Gold:   278        SH:  0    Dex: 16    Spells: 7 memorised, 5 levels left

rFire  . . .     SeeInvis .     f - +1 short sword
rCold  . . .     Gourm    .     k - +2 robe {MR+}
rNeg   + . .     Faith    .     (no shield)
rPois  +         Spirit   .     m - +0 helmet
rElec  .         Dismiss  +     p - +0 cloak
rCorr  .         Reflect  .     (no gloves)
SustAt .         Harm     .     l - +2 pair of boots
MR     +....                    x - amulet of dismissal
Stlth  +++.......               q - ring of positive energy
                                e - ring of poison resistance

@: somewhat resistant to hostile enchantments, fairly stealthy
A: no striking features
a: Receive Corpses, Renounce Religion


You were on level 5 of the Dungeon.
You worshipped Kikubaaqudgha.
Kikubaaqudgha was aware of your devotion.
You were not hungry.

You visited 1 branch of the dungeon, and saw 6 of its levels.

You collected 278 gold pieces.

Inventory:

Hand Weapons
 f - a +1 short sword (weapon)
Armour
 a - a +0 robe
 k - a +2 robe of magic resistance (worn)
 l - a +2 pair of boots (worn)
 m - a +0 helmet (worn)
 n - a +1 robe of resistance
 o - a +0 buckler
 p - a +0 cloak (worn)
Jewellery
 e - a ring of poison resistance (left hand)
 q - a ring of positive energy (right hand)
 x - an amulet of dismissal (around neck)
Wands
 t - a wand of lightning (2/15)
Scrolls
 d - a scroll of identify
 g - 3 scrolls of enchant weapon
 h - 2 scrolls of teleportation
 r - a scroll of recharging {unknown}
 w - a scroll of fear {unknown}
Potions
 s - a potion of lignification
 u - 2 potions of heal wounds
 z - a potion of agility
Books
 b - a book of Necromancy

   Spells                             Type                      Level
   a - Pain                           Necromancy                   1
   b - Animate Skeleton               Necromancy                   1
   c - Vampiric Draining              Necromancy                   3
   d - Regeneration                   Charms/Necromancy            3
   e - Animate Dead                   Necromancy                   4
   f - Control Undead                 Necromancy                   4
 y - Kikubaaqudgha's Incunabulum of Necromancy
   (Kikubaaqudgha gifted it to you on level 5 of the Dungeon)

   Spells                             Type                      Level
   a - Pain                           Necromancy                   1
   b - Corpse Rot                     Necromancy                   2
   c - Sublimation of Blood           Necromancy                   2
   d - Vampiric Draining              Necromancy                   3
   e - Control Undead                 Necromancy                   4
Comestibles
 c - 3 bread rations
 i - 3 meat rations
 v - 3 fruits


   Skills:
 + Level 1.0 Fighting
 + Level 2.0 Short Blades
 + Level 4.4 Dodging
 + Level 3.7 Stealth
 + Level 8.3 Spellcasting
 + Level 8.8 Necromancy


You had 5 spell levels left.
You knew the following spells:

 Your Spells              Type           Power        Failure   Level  Hunger
a - Pain                  Necr           ####         1%          1    None
b - Vampiric Draining     Necr           #####.....   1%          3    None
c - Control Undead        Necr           #####.....   1%          4    ###....
d - Regeneration          Chrm/Necr      ####......   4%          3    None
e - Corpse Rot            Necr           N/A          1%          2    None
D - Animate Dead          Necr           N/A          1%          4    ###....
S - Animate Skeleton      Necr           N/A          1%          1    None


Dungeon Overview and Level Annotations

Branches:
Dungeon (6/15)             Temple (0/1) D:5

Altars:
Kikubaaqudgha

Annotations:
D:3 Sigmund
D:4 Zhenya25pyc's ghost, amateur GrFi


Message History

All of the chunks of flesh in your inventory have rotted away.
A giant frog comes into view.
Things that are here:
a halberd; an enchanted flail The giant frog hits you!
* * * LOW HITPOINT WARNING * * *
Unknown command.
Unknown command.
Unknown command.
Casting: Vampiric Draining
Confirm with . or Enter, or press ? or * to list all spells.
Aiming: Vampiric Draining
Press: ? - help, Shift-Dir - straight line, f - giant frog
Aim: a giant frog The giant frog is lightly wounded.
You feel life coursing into your body.
Your scorpion zombie hits the giant frog.
The giant frog hits you!
You die...
Kikubaaqudgha rasps: "You have failed me!
Welcome... death!"

############# #
#...........# #
#.#########.#
######.#########)##
.(..............>†#
######..###.####@Z#
# #..# #.# #F.#
######..###.####..#
..............##..#
.#####........[...#
.# ##......<#.#.#
.# #....##.##..# .#
#....##.##..# .#
#####...#...#)##


You could see a giant frog and a friendly scorpion zombie.

Vanquished Creatures
  A centaur (D:5)
  2 ogres (D:4)
  Blork the orc (D:5)
  A gnoll sergeant (D:5)
  A giant frog (D:5)
  A scorpion (D:6)
  An orc wizard (D:6)
  A gnoll shaman (D:5)
  A hound (D:5)
  A jelly (D:5)
  Jessica (D:2)
  2 centaur skeletons
  A giant frog skeleton (D:5)
  4 worker ants
  12 gnolls
  6 adders
  An adder skeleton (D:5)
  2 worms (D:2)
  A giant gecko (D:2)
  An orc (D:4)
  A ball python (D:1)
  3 bats
  9 giant cockroaches
  6 goblins
  6 hobgoblins
  A quokka (D:4)
  A giant cockroach zombie (D:5)
  A giant gecko skeleton (D:4)
  A giant gecko zombie (D:5)
  3 giant newts
  A jackal skeleton (D:4)
  3 kobolds (D:3)
  A quokka zombie (D:6)
  5 rats
84 creatures vanquished.

Vanquished Creatures (collateral kills)
  2 scorpions (D:5)
  An orc wizard (D:4)
  A hound (D:4)
  A giant frog skeleton (D:5)
  An iguana (D:5)
  A worker ant zombie (D:5)
  3 gnolls
  An adder (D:2)
  A worm (D:3)
  8 orcs
  A giant cockroach (D:3)
  A hobgoblin (D:3)
  A rat (D:3)
23 creatures vanquished.

Grand Total: 107 creatures vanquished

Notes
Turn   | Place    | Note
--------------------------------------------------------------
     0 | D:1      | nubinia the Deep Elf Necromancer began the quest for the Orb.
     0 | D:1      | Reached XP level 1. HP: 10/10 MP: 6/6
    31 | D:1      | Learned a level 1 spell: Animate Skeleton
   176 | D:1      | Reached skill level 5 in Necromancy
   754 | D:1      | Reached XP level 2. HP: 15/15 MP: 6/8
  1018 | D:2      | Noticed Jessica
  1023 | D:2      | Killed Jessica
  1023 | D:2      | Reached XP level 3. HP: 12/19 MP: 6/9
  1388 | D:1      | Learned a level 3 spell: Vampiric Draining
  1486 | D:2      | Reached XP level 4. HP: 2/24 MP: 1/11
  2000 | D:3      | Noticed Sigmund
  2098 | D:3      | Found an ancient bone altar of Kikubaaqudgha.
  2162 | D:3      | Became a worshipper of Kikubaaqudgha
  2333 | D:4      | Learned a level 4 spell: Control Undead
  2364 | D:4      | Noticed an ogre
  2382 | D:4      | Killed an ogre
  2382 | D:4      | Reached skill level 5 in Spellcasting
  2382 | D:4      | Reached XP level 5. HP: 19/28 MP: 0/14
  2786 | D:4      | Noticed Zhenya25pyc's ghost (amateur GrFi)
  3069 | D:4      | Reached XP level 6. HP: 30/32 MP: 13/16
  3092 | D:4      | Learned a level 4 spell: Animate Dead
  3279 | D:4      | Reached skill level 1 in Short Blades
  3627 | D:5      | Entered Level 5 of the Dungeon
  3627 | D:5      | Noticed Blork the orc
  3632 | D:5      | Killed Blork the orc
  3852 | D:5      | Reached XP level 7. HP: 29/36 MP: 13/18
  3874 | D:5      | Reached * piety under Kikubaaqudgha
  3874 | D:5      | Received a gift from Kikubaaqudgha
  3875 | D:5      | Identified Kikubaaqudgha's Incunabulum of Necromancy (Kikubaaqudgha gifted it to you on level 5 of the Dungeon)
  3960 | D:5      | Learned a level 3 spell: Regeneration
  3963 | D:5      | Learned a level 2 spell: Corpse Rot
  4011 | D:5      | Found an ancient bone altar of Kikubaaqudgha.
  4775 | D:5      | Found a staircase to the Ecumenical Temple.
  4975 | D:5      | Reached XP level 8. HP: 31/42 MP: 11/21
  5158 | D:6      | Reached skill level 1 in Fighting
  5183 | D:5      | Slain by a giant frog

Vault maps used:
D:1:      minmay_arrival_checkered_box, serial_co_window_serial,
          co_window_corner_a, co_window_paths_b, co_window_paths_b,
          co_window_of_opportunity_a, co_window_of_opportunity_a,
          co_window_unsneaky_path_d, co_window_paths_c, co_window_broadway_b,
          co_window_broadway_b, co_window_of_opportunity_b,
          co_window_broadway_c, co_window_2corner, glass_columns_b
D:2:      uniq_jessica
D:3:      kiku_gazebo_pond_becter, first_bread, uniq_sigmund
D:5:      minmay_temple_entry_poolview, basic_altar, minmay_door_square,
          uniq_blork_the_orc
D:6:      gammafunk_temple_overflow_elements

Skill      XL: |  1  2  3  4  5  6  7  8 |
---------------+-------------------------+-----
Necromancy     | 5 6 7 8 |  8.8
Spellcasting   | 5 6 7 8 |  8.3
Stealth        | 3 |  3.7
Dodging        | 3 4 |  4.4
Short Blades   | 1 2 |  2.0
Fighting       | 1 |  1.0

Action                   |  1- 3 |  4- 6 |  7- 9 || total
-------------------------+-------+-------+-------++-------
Melee: Short sword       |    26 |    63 |   145 ||   234
 Cast: Pain              |    34 |    63 |    23 ||   120
       Animate Skeleton  |     4 |    16 |     2 ||    22
       Control Undead    |       |     4 |     3 ||     7
       Vampiric Draining |       |     5 |    23 ||    28
       Animate Dead      |       |     3 |     6 ||     9
Evoke: Wand              |       |       |     1 ||     1
  Use: Scroll            |       |     4 |     2 ||     6
 Stab: Sleeping          |     3 |     5 |       ||     8
       Distracted        |       |       |     1 ||     1
  Eat: Chunk             |     2 |     8 |     5 ||    15
       Beef jerky        |       |       |     1 ||     1
Armor: Robe              |     5 |    32 |    46 ||    83
Dodge: Dodged            |    19 |    53 |   147 ||   219
